Map: Daybreak LE (Void)

Players

Musumeci

  • Race: Zerg Zerg
  • League: Diamond
  • Spawn Location: 7:00

Ronin - Winner!

  • Race: Zerg Zerg
  • Spawn Location: 1:00

VOD

Have the link to the VOD?

Description

Time

  • Played on: Dec. 28, 2016, 9:30 a.m.
  • Length: 8:51
Show
View Real Time Build Order
Export as new Build Order

Musumeci Zerg 

Build Orders: Hatch First, Zergling Baneling 

Get SALT Encoding   

  12  0:02  Drone  
  13  0:08  Drone  
  14  0:17  Overlord  
  14  0:26  Drone, Extractor  
  15  0:36  Drone x2  
  17  0:55  Hatchery  
  16  0:57  Drone  
  16  1:02  Drone, Extractor  
  17  1:22  Spawning Pool  
  16  1:30  Drone, Evolution Chamber  
  16  1:34  Drone  
  16  1:37  Drone  
  18  1:41  Drone  
  19  1:53  Drone  
  20  2:04  Overlord  
  20  2:08  Metabolic Boost  
  20  2:11  Queen  
  20  2:15  Zergling x2  
  23  2:17  Zergling x2  
  23  2:20  Zergling x2  
  25  2:25  Zergling x2  
  26  2:32  Zergling x2  
  27  2:38  Baneling Nest, Zergling x2  
  27  2:43  Zergling x2  
  28  2:46  Zergling x2  
  29  2:52  Zergling x2  
  30  3:00  Zergling x2  
  31  3:15  Zergling x6  
  33  3:26  Zergling x8  
  30  3:46  Baneling x3  
  30  3:47  Zergling x8  
  33  3:52  Zergling x2  
  33  3:55  Baneling x2  
  29  4:18  Zergling x10  
  31  4:27  Baneling x2  
  31  4:28  Baneling x2  
  31  4:29  Baneling x4  
  31  4:30  Zergling x8  
  35  4:31  Baneling  
  35  4:45  Baneling  
  34  4:51  Zergling x2  
  34  4:52  Zergling x2  
  27  5:13  Zergling x2  
  27  5:14  Zergling x10  
  29  5:17  Zergling x4  
  31  5:23  Zergling x6  
  34  5:30  Baneling  
  34  5:32  Zergling x2  
  34  5:34  Baneling x4  
  27  6:16  Zergling x16  
  29  6:20  Zergling x6  
  32  6:33  Zergling x2  
  32  6:34  Zergling x2  
  32  6:37  Baneling  
  34  6:42  Zergling x4  
  25  7:01  Zergling x4  
  25  7:06  Overlord  
  27  7:12  Evolution Chamber  
  27  7:13  Zergling x2  
  27  7:20  Evolution Chamber  
  26  7:24  Zergling x2  
  26  7:25  Zergling x12  
  33  7:33  Zergling x4  
  35  7:46  Overlord x2  
  35  8:11  Zergling x6  
  35  8:12  Zergling x6  
  43  8:28  Drone  
  43  8:29  Drone x3  
Show
View Real Time Build Order
Export as new Build Order

Ronin Zerg - Winner!

Build Orders: Hatch First 

Get SALT Encoding   

  12  0:01  Drone  
  13  0:09  Drone  
  14  0:17  Overlord  
  14  0:23  Extractor  
  14  0:24  Drone  
  15  0:36  Drone x2  
  17  0:55  Hatchery  
  16  0:59  Drone  
  17  1:12  Spawning Pool  
  17  1:17  Drone, Extractor  
  16  1:21  Drone  
  16  1:25  Drone  
  18  1:30  Drone  
  19  1:52  Overlord  
  19  1:53  Drone  
  20  1:59  Queen  
  22  2:07  Queen  
  24  2:08  Drone  
  24  2:09  Drone  
  24  2:13  Drone  
  27  2:21  Drone  
  27  2:22  Metabolic Boost  
  28  2:26  Drone  
  29  2:30  Drone  
  29  2:34  Drone  
  31  2:39  Drone  
  32  2:44  Zergling x2  
  32  2:50  Baneling Nest  
  32  2:51  Zergling x2  
  33  2:54  Evolution Chamber, Zergling x2  
  33  3:01  Zergling x2  
  34  3:06  Overlord  
  34  3:10  Zergling x4  
  34  3:13  Zergling x2  
  34  3:14  Zergling x2  
  34  3:17  Queen  
  36  3:25  Overlord  
  34  3:28  Zergling x2  
  33  3:39  Drone, Zergling x6  
  36  3:47  Evolution Chamber  
  35  3:49  Baneling x2  
  35  3:51  Drone  
  36  4:02  Drone x3  
  39  4:09  Baneling x2  
  39  4:13  Baneling  
  39  4:16  Zergling x2  
  39  4:17  Zergling x8  
  40  4:25  Drone  
  40  4:26  Drone x3  
  40  4:31  Drone x2  
  46  4:41  Drone x2  
  48  4:48  Roach Warren  
  48  4:52  Baneling x2  
  47  4:54  Spine Crawler, Queen  
  48  5:04  Zergling x8  
  48  5:05  Zergling x4  
  50  5:20  Drone x2, Evolution Chamber  
  51  5:22  Roach Warren  
  51  5:25  Baneling  
  51  5:35  Drone x2  
  51  5:38  Overlord x4, Extractor  
  51  5:39  Extractor  
  50  5:43  Queen  
  50  5:45  Baneling x2  
  52  5:58  Baneling x5  
  52  5:59  Baneling  
  41  6:17  Drone x5  
  44  6:24  Overlord x3  
  44  6:25  Lair  
  44  6:28  Roach x2  
  44  6:31  Roach  
  50  6:38  Roach x2  
  54  6:45  Roach  
  56  6:49  Roach x2  
  57  6:57  Roach  
  58  7:05  Drone x2  
  58  7:06  Drone x2  
  58  7:07  Drone  
  63  7:26  Drone x2  
  63  7:28  Overlord x2  
  65  7:41  Spine Crawler  
  65  7:42  Spine Crawler  
  63  7:45  Roach x2  
  67  7:52  Drone  
  68  8:02  Extractor  
  68  8:03  Drone x3  
  68  8:04  Roach x2  
  68  8:05  Roach x3  
  80  8:10  Baneling  
  80  8:11  Baneling  
  80  8:21  Roach  
  80  8:22  Roach x4  
Tags
 
Add a new tag
Caveats
  • Supply blocks, unpowered buildings, or Contaminate may cause inaccurate times.
  • Supply counts are checked every 10 seconds.